 Dungeon Crawl Stone Soup version 0.29-a0-1043-g569b05d6ff (webtiles) character file.

Game seed: 8189414995794515204

81 SensoryNuts the Shield-Bearer (level 5, -1/43 (46) HPs)
             Began as a Meteoran Fighter on Aug 15, 2022.
             Slain by a gnoll
             ... wielding a +0 flail
              (6 damage)
             ... on level 2 of the Dungeon.
             The game lasted 00:02:34 (1050 turns).

SensoryNuts the Shield-Bearer (Meteoran Fighter)    Turns: 1050, Time: 00:02:35

HP:   -1/43 (46)    AC:  7    Str: 19    XL:     5   Next: 0%
MP:   6/6           EV:  9    Int: 10    God:
Gold: 22            SH:  5    Dex: 13    Spells: 4/4 levels left

rFire   . . .      SeeInvis .   a - +0 long sword
rCold   . . .      Faith    .   c - +0 buckler
rNeg    . . .      Spirit   .   b - +0 scale mail
rPois   .          Reflect  .   (no helmet)
rElec   .          Harm     .   (no cloak)
rCorr   .          Rampage  .   (no gloves)
Will    .....                   (no boots)
Stlth   ..........              (no amulet)
HPRegen 0.14/turn               (no ring)
MPRegen 0.10/turn               (no ring)

@: glowing, drained
A: sense surroundings 1, otherworldly, glowing, explore regen
a: no special abilities


You were on level 2 of the Dungeon.
You visited 1 branch of the dungeon, and saw 2 of its levels.

You collected 52 gold pieces.
You spent 30 gold pieces at shops.

Inventory:

Hand Weapons
 a - a +0 long sword (weapon)
Armour
 b - a +0 scale mail (worn)
 c - a +0 buckler (worn)
Scrolls
 e - a scroll of identify
 h - a scroll of summoning {unknown}
 i - a scroll of blinking {unknown}
Potions
 d - a potion of might
 f - a potion of ambrosia {unknown}
 g - a potion of haste {unknown}


   Skills:
 + Level 4.0 Fighting
 + Level 3.5 Long Blades
 + Level 4.2 Armour
 + Level 0.3 Dodging
 + Level 4.3 Shields


You had 4 spell levels left.
You didn't know any spells.
Your spell library was empty.

Dungeon Overview and Level Annotations

Branches:
Dungeon (2/15) Zot: 306

Altars:

Shops:
D:1 *   D:2 !


Innate Abilities, Weirdness & Mutations

You passively map a small area around you.
You are easily found by Zot.
You glow in the dark.
You regain HP and MP as you explore.


Message History

The gnoll closely misses you.
A gnoll comes into view. It is wielding a +0 flail.
You barely miss the gnoll.
The gnoll shouts!
You hit the gnoll.
The gnoll is lightly wounded.
You hit the gnoll.
The gnoll is heavily wounded.
You block the gnoll's attack. The gnoll hits you with a +0 flail.
The gnoll hits you with a +0 club.
You hit the gnoll.
The gnoll is severely wounded.
The gnoll hits you with a +0 flail. x2; The gnoll hits you but does no damage.
You hit the gnoll.
The gnoll is almost dead.
The gnoll hits you with a +0 club. The gnoll hits you but does no damage.
The gnoll hits you with a +0 flail!
You are too injured to fight recklessly!
You are too injured to fight recklessly!
The gnoll attacks as you move away! The gnoll barely misses you.
The gnoll barely misses you. The gnoll attacks as you move away!
The gnoll hits you but does no damage. The gnoll attacks as you move away!
The gnoll misses you.
You hit the gnoll.
You kill the gnoll!
The gnoll hits you with a +0 flail.
* * * LOW HITPOINT WARNING * * *
You have reached level 5!
You barely miss the gnoll. You block the gnoll's attack.
You barely miss the gnoll. The gnoll hits you with a +0 flail.
* * * LOW HITPOINT WARNING * * *
The gnoll hits you with a +0 flail.
* * * LOW HITPOINT WARNING * * *
Things that are here:
a +0 club; a gnoll corpse You slash the gnoll!
The gnoll is heavily wounded.
The gnoll hits you with a +0 flail.
You die...

#.......#......
#......)######.
#####.##.#.#..∩.... *
...#.##..###...... , #
####.#.####.#..##... # #.
#......#####.#.##.#.
###.#.##.##.#.......#.##.##
.........##g#.#######......
, ,** #....g@.#.# ####.## *
#########.# #...# , #.#*
#...# * , ,...* #...# , ,,*
#.. #...# , * ...
*######...# , , ,
....##......... , ,
............ , ,
.##.........


You could see 2 gnolls.

Vanquished Creatures
  Terence (D:2)
  An adder (D:2)
  A gnoll (D:2)
  A dart slug (D:1)
  5 ball pythons
  2 endoplasms (D:1)
  A giant cockroach (D:2)
  A goblin (D:1)
  3 hobgoblins
  8 jackals
  2 quokkas (D:1)
  A bat (D:1)
  2 frilled lizards (D:1)
  A kobold (D:1)
  2 rats
32 creatures vanquished.

Notes
Turn   | Place    | Note
-------+----------+-------------------------------------------
     0 | D:1      | SensoryNuts the Meteoran Fighter began the quest for the
                  | Orb.
     0 | D:1      | Reached XP level 1. HP: 19/19 MP: 2/2
   115 | D:1      | Reached XP level 2. HP: 22/26 MP: 3/3
   428 | D:1      | Found Pukhlanla's Assorted Antiques.
   431 | D:1      | Bought a scroll labelled OCIEPR ALLI for 30 gold pieces
   468 | D:1      | Reached XP level 3. HP: 20/33 MP: 4/4
   481 | D:1      | Glimpsed the power of Zot.
   531 | D:1      | Glimpsed the power of Zot.
   571 | D:1      | Glimpsed the power of Zot.
   581 | D:1      | Touched by the power of Zot.
   676 | D:1      | Glimpsed the power of Zot.
   726 | D:1      | Glimpsed the power of Zot.
   776 | D:2      | Reached XP level 4. HP: 5/30 MP: 5/5
   904 | D:2      | Noticed Terence
   905 | D:2      | Found Qajimes's Distillery.
   919 | D:2      | Killed Terence
  1047 | D:2      | Reached XP level 5. HP: 11/43 MP: 6/6
  1050 | D:2      | Slain by a gnoll

Illustrated notes

Levels and vault maps discovered:
D:1:      minmay_arrival_glassed_features, layout_basic, serial_shops,
          nicolae_shop_behind_doors
D:2:      layout_loops_cross, serial_shops, shop, uniq_terence

Skill      XL: |  1  2  3  4 |
---------------+-------------+-----
Long Blades    | 3 |  3.5
Armour         | 4 |  4.2
Fighting       | 4 |  4.0
Shields        | 4 |  4.3
Dodging        | |  0.3

Action                   |  1- 3 |  4- 6 || total
-------------------------+-------+-------++-------
Melee: Long sword        |   109 |    39 ||   148
  Use: Scroll            |     3 |       ||     3
Armor: Scale mail        |    76 |    18 ||    94
Dodge: Dodged            |    58 |    17 ||    75
Block: Buckler           |    37 |     9 ||    46

Table legend: (Time is in decaauts)
 A = Elapsed time spent in this place.
 B = Non-inter-level travel time spent in this place.
 C = Inter-level travel time spent in this place.
 D = Time resting spent in this place.
 E = Time spent auto-exploring this place.
 F = Levels seen in this place.
 G = Mean time per level.
                   A        B        C        D        E       F      G
               +--------+--------+--------+--------+--------+-----+--------+
         Total |   1092 |    951 |    141 |      0 |    594 |   2 |  546.0 |
       Dungeon |   1092 |    951 |    141 |      0 |    594 |   2 |  546.0 |
               +--------+--------+--------+--------+--------+-----+--------+

Top non-repeatable levels by time:
     D:1: 751 daAuts
     D:2: 341 daAuts
